 Dungeon Crawl Stone Soup version 0.13.1-28-g3517093 (console) character file.

7533 Magician the Cleaver (level 10, -1/136 HPs)
             Began as a Deep Dwarf Berserker on Mar 7, 2014.
             Was a Priest of Trog.
             Slain by a troll (7 damage)
             ... on Level 11 of the Dungeon.
             The game lasted 00:35:17 (4163 turns).

Magician the Cleaver (Deep Dwarf Berserker)         Turns: 4163, Time: 00:35:17

HP  -1/136       AC 13     Str 27      XL: 10   Next: 92%
MP   9/9         EV 10     Int  7      God: Trog [***...]
Gold 155         SH  0     Dex 15      Spells:  0 memorised,  9 levels left

Res.Fire  : + . .   See Invis. : .   r - -1,+1 orc war axe (curse)
Res.Cold  : . . .   Warding    : .   y - +0 chain mail
Life Prot.: . . .   Conserve   : .   (no shield)
Res.Poison: .       Res.Corr.  : .   (no helmet)
Res.Elec. : .       Clarity    : .   (no cloak)
Sust.Abil.: . .     Spirit.Shd : .   (no gloves)
Res.Mut.  : .       Stasis     : .   E - +0 pair of dwarf boots
Res.Rott. : .       Flight     : .   (no amulet)
Saprovore : . . .                    (no ring)
                                     C - ring of protection from fire

@: non-regenerating, berserking (expiring), very slightly contaminated, very
quick, quite resistant to hostile enchantments, extremely unstealthy
A: damage resistance, recharge devices, sense surroundings 2, slow healing 3,
slow metabolism 1
a: Device Recharging, Burn Spellbooks, Berserk, Trog's Hand, Renounce Religion


You were on level 11 of the Dungeon.
You worshipped Trog.
Trog was most pleased with you.
You were very hungry.

You visited 2 branches of the dungeon, and saw 13 of its levels.
You also visited: Sewer.

You collected 392 gold pieces.
You spent 257 gold pieces at shops.

Inventory:

Hand weapons
 p - a +0,-1 war axe
 r - a cursed -1,+1 orcish war axe (weapon)
 J - a +0,+1 orcish war axe
Armour
 q - a +0 orcish ring mail of fire resistance
 s - a +0 orcish scale mail
 w - a +2 robe of magic resistance
 y - a +0 chain mail (worn)
 E - a +0 pair of dwarven boots (worn)
Magical devices
 c - a wand of heal wounds (4)
 F - a wand of flame (10) {unknown}
Comestibles
 d - 4 bread rations
 G - a cheese
Scrolls
 e - 2 scrolls of enchant weapon II
 f - 3 scrolls of remove curse {unknown}
 i - 4 scrolls of fog {unknown}
 k - 3 scrolls of teleportation
 m - 4 scrolls of magic mapping
 o - 3 scrolls of noise {unknown}
 u - a scroll of enchant weapon I
 H - a scroll of enchant armour
 I - a scroll of immolation
 P - a scroll of summoning {unknown}
 R - a scroll of blinking {unknown}
Jewellery
 j - an uncursed amulet of guardian spirit
 C - a ring of protection from fire (left hand)
Potions
 g - 5 potions of heal wounds
 l - a potion of agility
 v - 4 potions of flight
 A - 2 potions of brilliance
 B - 6 potions of curing {unknown}
 N - 2 potions of restore abilities
Books
 S - a book of Control

   Spells                             Type                      Level
   Control Teleport                   Charms/Translocation         4
   Control Undead                     Necromancy                   4
   Enslavement                        Hexes                        4
   Mass Confusion                     Hexes                        6
   Metabolic Englaciation             Hexes/Ice                    6
   Trog disapproves of the use of such an item.


   Skills:
 + Level 6.7 Fighting
 * Level 11.3 Axes
 * Level 10.7 Armour
 + Level 7.7 Dodging


You had 9 spell levels left.
You didn't know any spells.

Dungeon Overview and Level Annotations

Branches:
Dungeon (12/27)            Temple (1/1) D:7
    Orc: D:6-11        Lair: D:8-13

Altars:
Ashenzari
Cheibriados
Elyvilon
Fedhas
Makhleb
Nemelex Xobeh
Okawaru
Sif Muna
Trog
Vehumet
Yredelemnul
Zin

Shops:
D:8 ?

Portals:
Trove: D:11 (give +4,+4 demon blade)

Annotations:
D:9 Maurice


Innate Abilities, Weirdness & Mutations

You are resistant to damage.
You can recharge devices by infusing magical energy.
You passively map the area around you.
You do not heal naturally.
You have a slow metabolism.


Message History

You closely miss the troll.
The troll is almost dead.
The troll barely misses you. The troll closely misses you.
The troll misses you.
Your chain mail prevents you from hitting the troll.
The troll is severely wounded.
The orc hits you but does no damage.
You hit the troll.
The troll is almost dead.
The troll barely misses you. The troll closely misses you.
The orc zaps a wand.
The bolt of lightning hits you!
* * * LOW HITPOINT WARNING * * *
You completely miss the troll.
The troll is almost dead.
Your chain mail prevents you from hitting the troll.
The troll is almost dead.
The troll barely misses you. The troll claws you but does no damage.
The troll claws you!
You die...

<................................
...##....).......................
.......#..######.#...............
............)....................
....#.##..#%).##....####.....##..
..........#)).#...#####...#...#..
.#.......##...##.# ...##.##p..##.
........##.....###.8.8.## ..8. ##
....#...#....))(@)......'..... #
...,#.###..#.#)o#T.#'#..# . + ,,#
....#.# #.##.##)#.## ** *,**,**,#
....#.# #.*..$#.#?#, , ,* ,* #
....#.###.#...#.#.# , * * ,,*,#
.##....# ,##.##.#.#* **,* *,**,*
.##....## #.#..#..*+ , , *+* *
.##.....#*,.....#.. , ,, ,##
.##.##..## ,.,.### , , , #.


You could see a troll and an orc.

Vanquished Creatures
  An unseen horror (D:11)
  Pikel (D:5)
  A hill giant (D:12)
  3 slime creatures (D:12)
  Sonja (D:11)
  14 yaks
  A manticore (D:10)
  A hungry ghost (D:11)
  3 vampire mosquitoes (D:12)
  A soldier ant (D:11)
  A sky beast (D:8)
  A black bear (D:5)
  An orc warrior (D:11)
  2 slaves (D:5)
  A phantom (D:8)
  2 ogres
  A warg (D:11)
  A water moccasin (D:8)
  A big kobold (Sewer)
  3 centaurs
  3 giant frogs
  5 killer bees (D:8)
  5 wights (D:11)
  A crimson imp (D:5)
  A goliath beetle (D:12)
  A gnoll shaman (D:6)
  2 scorpions
  3 hounds
  2 jellies
  4 orc priests
  2 iguanas
  4 worker ants
  A hound zombie (D:3)
  An ogre skeleton (D:5)
  A mummy (D:11)
  4 adders
  9 gnolls
  4 green rats (Sewer)
  2 worms (D:11)
  16 grey rats (Sewer)
  A giant eyeball (D:7)
  3 giant geckos
  2 oozes
  12 orcs
  3 giant cockroaches
  7 goblins
  6 hobgoblins
  3 quokkas
  4 ball pythons (Sewer)
  7 bats
  3 giant newts
  18 kobolds
  An orc skeleton (D:10)
  6 rats
188 creatures vanquished.

Vanquished Creatures (others)
  A slave (D:5)
  An orc priest (D:11)
  An ooze (D:5)
  2 orcs (D:11)
5 creatures vanquished.

Grand Total: 193 creatures vanquished

Notes
Turn   | Place    | Note
--------------------------------------------------------------
     0 | D:1      | Magician, the Deep Dwarf Berserker, began the quest for the Orb.
     0 | D:1      | Reached XP level 1. HP: 21/21 MP: 0/0
   160 | D:1      | Reached XP level 2. HP: 12/28 MP: 1/1
   313 | D:1      | Acquired Trog's second power
   477 | D:3      | Reached XP level 3. HP: 24/36 MP: 2/2
   542 | D:3      | Reached skill level 4 in Axes
   542 | D:3      | Reached XP level 4. HP: 24/43 MP: 3/3
   732 | D:4      | You fall through a shaft!
   792 | D:6      | Noticed a phantom
   801 | D:6      | Reached XP level 5. HP: 32/50 MP: 4/4
   872 | D:7      | Found a staircase to the Ecumenical Temple.
   893 | Temple   | Entered the Ecumenical Temple
   984 | D:5      | Entered Level 5 of the Dungeon
  1004 | D:5      | Noticed a slave
  1005 | D:5      | Noticed a slave
  1060 | D:5      | Noticed a slave
  1062 | D:5      | Noticed Pikel
  1063 | D:5      | Noticed a slave
  1073 | D:5      | Killed a slave
  1073 | D:5      | Killed a slave
  1073 | D:5      | Killed Pikel
  1073 | D:5      | Reached skill level 6 in Axes
  1073 | D:5      | Reached skill level 5 in Armour
  1073 | D:5      | Reached XP level 6. HP: 39/57 MP: 5/5
  1073 | D:5      | Reached XP level 7. HP: 44/64 MP: 6/6
  1076 | D:5      | Killed a freed slave
  1177 | D:4      | Noticed an ogre
  1181 | D:4      | Killed an ogre
  1192 | D:5      | Noticed a black bear
  1231 | D:5      | Killed a black bear
  1364 | D:5      | Noticed a centaur
  1372 | D:5      | Killed a centaur
  1372 | D:5      | Reached XP level 8. HP: 11/73 MP: 7/7
  1495 | D:5      | Found a glowing drain.
  1500 | Sewer    | Entered a sewer
  1628 | Sewer    | Reached skill level 5 in Dodging
  1749 | Sewer    | Reached skill level 7 in Axes
  2204 | D:7      | Noticed an ogre
  2211 | D:7      | Killed an ogre
  2486 | D:8      | Reached skill level 5 in Fighting
  2562 | D:9      | Reached skill level 8 in Axes
  2564 | D:9      | Gained mutation: You passively map the area around you. [level up]
  2564 | D:9      | Reached XP level 9. HP: 80/80 MP: 8/8
  2599 | D:9      | Noticed Maurice
  2769 | D:8      | Reached skill level 9 in Axes
  2830 | D:8      | Found Psias' Magic Scroll Emporium.
  2850 | D:8      | Bought a scroll of teleportation for 33 gold pieces
  2850 | D:8      | Bought a scroll of identify for 22 gold pieces
  2850 | D:8      | Bought a scroll of teleportation for 33 gold pieces
  2850 | D:8      | Bought a scroll of enchant armour for 60 gold pieces
  2850 | D:8      | Bought a scroll of magic mapping for 38 gold pieces
  2850 | D:8      | Bought a scroll of enchant weapon II for 60 gold pieces
  2850 | D:8      | Bought a scroll of immolation for 11 gold pieces
  2874 | D:8      | Acquired Trog's third power
  3018 | D:10     | Entered Level 10 of the Dungeon
  3247 | D:11     | Found a portal to a secret trove of treasure.
  3423 | D:11     | Killed an unseen horror
  3423 | D:11     | Reached skill level 10 in Axes
  3423 | D:11     | Reached XP level 10. HP: 18/90 MP: 9/9
  3472 | D:11     | Noticed Sonja
  3567 | D:10     | Found a deep blue altar of Sif Muna.
  3732 | D:12     | Reached skill level 10 in Armour
  3812 | D:11     | Gained mutation: You have a slow metabolism. [potion of beneficial mutation]
  3817 | D:12     | Noticed a hill giant
  3828 | D:12     | Killed a hill giant
  3841 | D:12     | Reached skill level 11 in Axes
  3878 | D:12     | Noticed a cyclops
  4150 | D:11     | Killed Sonja
  4161 | D:11     | HP: 6/136 [orc/wand of lightning (9)]
  4163 | D:11     | Slain by a troll

Action                   |  1- 3 |  4- 6 |  7- 9 | 10-12 || total
-------------------------+-------+-------+-------+-------++-------
Melee: Hand axe          |    74 |       |       |       ||    74
       War axe           |    16 |    60 |   418 |   143 ||   637
Throw: Throwing net      |       |       |       |     2 ||     2
Invok: Trog's Hand       |     3 |     4 |    21 |    12 ||    40
       Berserk           |     2 |     3 |     9 |     7 ||    21
Evoke: Wand              |       |     1 |       |       ||     1
  Use: Potion            |       |     1 |     2 |     3 ||     6
       Scroll            |       |       |       |     9 ||     9
 Stab: Invisible         |       |       |       |     5 ||     5
